 Dungeon Crawl Stone Soup version 0.29.1-15-g9cfb28693d (webtiles) character file.

Game seed: 4084029832307362907

28 javelincjr the Caller (level 3, 0/25 HPs)
             Began as a Gnoll Summoner on Apr 17, 2023.
             Frozen to death by an endoplasm (1 damage)
             ... on level 1 of the Dungeon.
             The game lasted 00:05:32 (1214 turns).

javelincjr the Caller (Gnoll Summoner)              Turns: 1214, Time: 00:05:33

Health: 0/25       AC:  2    Str:  9    XL:     3   Next: 12%
Magic:  5/9        EV: 13    Int: 14    God:
Gold:   36         SH:  0    Dex: 12    Spells: 11/12 levels left

rFire   . . .      SeeInvis .   f - +0 hand axe
rCold   . . .      Faith    .   (no shield)
rNeg    . . .      Spirit   .   a - +0 robe
rPois   .          Reflect  .   (no helmet)
rElec   .          Harm     .   (no cloak)
rCorr   .          Rampage  .   (no gloves)
Will    .....                   (no boots)
Stlth   ++........              (no amulet)
HPRegen 0.08/turn               (no ring)
MPRegen 0.11/turn               (no ring)

@: attractive
A: fangs 1, strong nose, distributed training
a: no special abilities


You were on level 1 of the Dungeon.
You visited 1 branch of the dungeon, and saw 2 of its levels.

You collected 36 gold pieces.

Inventory:

Hand Weapons
 d - a +0 short sword
 f - a +0 hand axe (weapon)
Missiles
 g - 3 datura-tipped darts
Armour
 a - a +0 robe (worn)
Magical Staves
 i - a staff of earth
Scrolls
 c - a scroll of teleportation {unknown}
Potions
 b - a potion of magic
 h - 3 potions of curing {unknown}


   Skills:
 + Level 0.7 Fighting
 + Level 0.7 Short Blades
 + Level 0.7 Long Blades
 + Level 0.7 Axes
 + Level 0.7 Maces & Flails
 + Level 0.7 Polearms
 + Level 0.7 Staves
 + Level 0.7 Ranged Weapons
 + Level 0.7 Throwing
 + Level 0.7 Armour
 + Level 4.5 Dodging
 + Level 4.1 Stealth
 + Level 0.7 Shields
 + Level 0.7 Unarmed Combat
 + Level 5.0 Spellcasting
 + Level 0.5 Conjurations
 + Level 0.5 Hexes
 + Level 7.1 Summonings
 + Level 0.5 Necromancy
 + Level 0.5 Translocations
 + Level 0.5 Transmutations
 + Level 0.5 Fire Magic
 + Level 0.5 Ice Magic
 + Level 0.5 Air Magic
 + Level 0.5 Earth Magic
 + Level 0.5 Poison Magic
 + Level 0.9 Invocations
 + Level 0.7 Evocations


You had 11 spell levels left.
You knew the following spells:

 Your Spells              Type           Power      Damage    Failure   Level
a - Summon Small Mammal   Summ           92%        N/A       1%          1

Your spell library contained the following spells:

 Spells                   Type           Power      Damage    Failure   Level
 Call Imp                 Summ           23%        N/A       1%          2
 Call Canine Familiar     Summ           23%        N/A       2%          3
 Summon Guardian Golem    Hex/Summ       14%        N/A       11%         3
 Sandblast                Erth           8%         2d5       14%         1
 Passwall                 Tmut/Erth      3%         N/A       22%         2
 Summon Lightning Spire   Summ/Air       14%        N/A       36%         4
 Stone Arrow              Conj/Erth      8%         3d7       38%         3


Dungeon Overview and Level Annotations

Branches:
Dungeon (2/15)

Altars:

Shops:
D:1 [


Innate Abilities, Weirdness & Mutations

You have very sharp teeth.
Your uncanny sense of smell can sniff out nearby items.
Your experience applies equally to all skills.


Message History

Your quokka barely misses the adder.
The endoplasm hits you.
The quokka bites you but does no damage.
The adder misses you.
Your quokka completely misses the adder.
The bat misses you. The endoplasm misses you.
Your bat closely misses the quokka.
You feel sick.
You are no longer poisoned.
The quokka barely misses you. The adder bites you.
* * * LOW HITPOINT WARNING * * *
Your quokka bites the adder.
Your bat hits the adder. The endoplasm hits you.
* * * LOW HITPOINT WARNING * * *
You climb upwards.
Your summoned allies are left behind.
There is a stone staircase leading down here.
You are too injured to fight recklessly!
Casting: Summon Small Mammal (safe; 1% risk of failure)
Confirm with . or Enter, or press ? or * to list all spells.
The quokka barely misses you. The adder bites your quokka.
Your quokka is poisoned.
The adder poisons your quokka! The quokka misses you.
The endoplasm closely misses you. The adder closely misses your quokka.
The quokka misses your quokka.
Your quokka bites the adder.
The adder dies!
The endoplasm hits you.
* * * LOW HITPOINT WARNING * * *
Your Spellcasting skill increases to level 5!
You have reached level 3!
Your experience leads to an increase in your attributes!
Increase (S)trength, (I)ntelligence, or (D)exterity?
Uppercase letters only, please.
You feel stronger. x2
It was a potion of attraction.
You feel attractive to monsters. The quokka bites your quokka.
Your quokka dies!
Your quokka's corpse disappears in a puff of smoke!
The endoplasm freezes you.
You are frozen.
You die...

.# #.# #..# #.......... .# #.#
#### #.#########
.#######.######### #.# ###
.......#.#.......## #.# #..
)......#.#........# #.# ###
.......#.#.......######.## #..
.......#.#..............### #..
########.#######..#############.#
#.# #@J# ###........ #.# #ยง>#
##.####### ###.#######.r# #.# #..
#............# #.# ###
#............# #.# #.#
#............#######.#####.#
#..............#........##..
#...........[.....#.##..##..
#...........##########.####.


You could see an endoplasm and a quokka.

Vanquished Creatures
  2 ball pythons
  A bat (D:1)
  A giant cockroach (D:2)
  A hobgoblin (D:1)
  2 jackals (D:1)
  A kobold (D:1)
8 creatures vanquished.

Vanquished Creatures (collateral kills)
  An adder (D:1)
  An endoplasm (D:1)
  2 goblins
  A jackal (D:1)
  A quokka (D:1)
  2 ball pythons (D:1)
  A kobold (D:1)
9 creatures vanquished.

Grand Total: 17 creatures vanquished

Notes
Turn   | Place    | Note
-------+----------+-------------------------------------------
     0 | D:1      | javelincjr the Gnoll Summoner began the quest for the Orb.
     0 | D:1      | Reached XP level 1. HP: 13/13 MP: 6/6
   269 | D:1      | Found Vuluofe's Armour Shoppe.
   364 | D:1      | Reached XP level 2. HP: 13/20 MP: 4/7
  1213 | D:1      | HP: 1/20 [endoplasm (2)]
  1214 | D:1      | Reached skill level 5 in Spellcasting
  1214 | D:1      | Reached XP level 3. HP: 1/25 MP: 5/9
  1214 | D:1      | Frozen to death by an endoplasm

Illustrated notes

Levels and vault maps discovered:
D:1:      dpeg_arrival_pits, layout_basic, serial_shops, shop,
          serial_co_window_serial, co_window_corner_a, co_window_corner_a,
          co_window_of_opportunity_a, co_window_paths_a, co_window_paths_b,
          co_window_2corner, co_window_corner_ca, co_window_unsneaky_path_c,
          co_window_broadway_c, co_window_2corner, co_window_broadway_b,
          glass_columns_a, glass_columns_c, glass_columns_b
D:2:      layout_rooms, shapermc_ecumenical_altar_flowoftime, uniq_natasha,
          uniq_terence

Skill      XL: |  1  2 |
---------------+-------+-----
Spellcasting   | 5 |  5.0
Fighting       | |  0.7
Short Blades   | |  0.7
Long Blades    | |  0.7
Axes           | |  0.7
Maces & Flails | |  0.7
Polearms       | |  0.7
Staves         | |  0.7
Ranged Weapons | |  0.7
Throwing       | |  0.7
Armour         | |  0.7
Dodging        | |  4.5
Stealth        | |  4.1
Shields        | |  0.7
Unarmed Combat | |  0.7
Conjurations   | |  0.5
Hexes          | |  0.5
Summonings     | |  7.1
Necromancy     | |  0.5
Translocations | |  0.5
Transmutations | |  0.5
Fire Magic     | |  0.5
Ice Magic      | |  0.5
Air Magic      | |  0.5
Earth Magic    | |  0.5
Poison Magic   | |  0.5
Invocations    | |  0.9
Evocations     | |  0.7

Action                   || total
-------------------------++-------
Melee: Short sword       ||     9
       Bite              ||     2
       Hand axe          ||    16
 Cast: Summon Small Mamm ||    16
  Use: Potion            ||     1
Armor: Robe              ||    10
Dodge: Dodged            ||    54
